 Dungeon Crawl Stone Soup version 0.20.0-15-g7f486f2 (webtiles) character file.

461 vishdafish the Shield-Bearer (level 7, -13/43 HPs)
             Began as a Gargoyle Fighter on June 21, 2017.
             Splashed by Ijyb's acid (16 damage)
             ... on level 5 of the Dungeon.
             The game lasted 00:05:29 (2676 turns).

vishdafish the Shield-Bearer (Gargoyle Fighter)     Turns: 2676, Time: 00:05:29

Health: -13/43     AC:  7    Str: 20    XL:     7   Next: 7%
Magic:  7/7        EV:  8    Int:  9    God:
Gold:   144        SH:  9    Dex: 10    Spells: 6/6 levels left

rFire    . . .     SeeInvis .   v - +2 whip (elec)
rCold    . . .     Gourm    .   c - +0 shield
rNeg     + . .     Faith    .   b - +0 scale mail
rPois    ∞         Spirit   .   (no helmet)
rElec    +         Reflect  .   (no cloak)
rCorr    .         Harm     .   (no gloves)
MR       .....                  (no boots)
Stlth    ..........             (no amulet)
Regen    0.2/turn               (no ring)
MPRegen  0.1/turn               (no ring)

@: corroded
A: negative energy resistance 1, electricity resistance, unbreathing,
petrification resistance, rot immunity, AC +4
a: no special abilities


You were on level 5 of the Dungeon.
You were not hungry.

You visited 1 branch of the dungeon, and saw 5 of its levels.

You collected 144 gold pieces.

Inventory:

Hand Weapons
 a - a +0 flail
 v - a +2 whip of electrocution (weapon)
Armour
 b - a +0 scale mail (worn)
 c - a +0 shield (worn)
Jewellery
 r - a +3 amulet of reflection {unknown}
Wands
 u - a wand of confusion (18/48)
Scrolls
 g - 2 scrolls of fog
 j - 2 scrolls of enchant armour {unknown}
 l - a scroll of amnesia {unknown}
 m - a scroll of random uselessness {unknown}
 n - a scroll of magic mapping {unknown}
 q - 3 scrolls of teleportation
 t - 2 scrolls of enchant weapon
 w - 4 scrolls of remove curse {unknown}
Potions
 e - 4 potions of mutation
 h - a potion of ambrosia {unknown}
 i - a potion of agility {unknown}
 k - 3 potions of curing {unknown}
 p - 2 potions of cancellation {unknown}
Books
 d - a book of Conjurations

   Spells                             Type                      Level
   a - Magic Dart                     Conjuration                  1
   b - Searing Ray                    Conjuration                  2
   c - Dazzling Spray                 Conjuration/Hexes            3
   d - Fulminant Prism                Conjuration/Hexes            4
   e - Force Lance                    Conjuration/Translocation    4
   f - Iskenderun's Mystic Blast      Conjuration                  4
Comestibles
 f - 2 bread rations
 o - a meat ration
 s - 3 royal jellies


   Skills:
 + Level 4.1 Fighting
 + Level 4.8 Maces & Flails
 + Level 4.3 Armour
 + Level 1.5 Dodging
 + Level 5.1 Shields


You had 6 spell levels left.
You didn't know any spells.

Dungeon Overview and Level Annotations

Branches:
Dungeon (5/15)
 Temple: D:4-7

Altars:
Uskayaw

Shops:
D:4 [

Annotations:
D:5 Ijyb


Innate Abilities, Weirdness & Mutations

You are resistant to torment.
Your stone body is resilient. (AC +4)
You are immune to poison.
You resist negative energy. (rN+)
You are resistant to electric shocks. (rElec)
You can survive without breathing.
You are immune to petrification.
You are immune to rotting.


Message History

You are too injured to fight recklessly!
You are too injured to fight recklessly!
You are too injured to fight recklessly!
You are too injured to fight recklessly!
You are too injured to fight recklessly!
You are too injured to fight recklessly!
Unknown command.
Your shield and scale mail prevent you from hitting the jackal.
You block the jackal's attack.
You closely miss the jackal. You block the jackal's attack. x2
You barely miss the jackal. You block the jackal's attack.
You hit the jackal. Lightning courses through the jackal!
You kill the jackal!
Ijyb zaps a wand.
The bolt of acid hits the jackal.
The jackal is splashed with acid.
The acid corrodes the jackal!
The jackal dies!
The bolt of acid hits you!
* * * LOW HITPOINT WARNING * * *
The acid corrodes you!
You are splashed with acid!
The acid burns!
You die...

..# #.. ..# .. ... ..
#.# #. #.# #. # #.#
#.###.###. #.##
#†Sg...g.. #.<# #.#
#.####..########@#
#................#
#########...†....# .#
#........# .#
#........# .#
#######..#
.##############..####
....................#
###############.....#


You could see Ijyb and an adder.

Vanquished Creatures
  Edmund (D:4)
  2 hounds (D:4)
  Natasha (thrice) (D:2)
  A hound skeleton (D:4)
  4 gnolls (D:2)
  4 adders
  2 oozes
  3 worms
  8 orcs
  10 bats
  5 giant cockroaches
  11 goblins
  7 hobgoblins
  6 jackals
  5 kobolds
  A quokka (D:4)
  2 ball pythons (D:2)
  5 frilled lizards
  3 rats
83 creatures vanquished.

Vanquished Creatures (others)
  An orc wizard (D:4)
  A jackal (D:5)
2 creatures vanquished.

Grand Total: 85 creatures vanquished

Notes
Turn   | Place    | Note
-------+----------+-------------------------------------------
     0 | D:1      | vishdafish the Gargoyle Fighter began the quest for the Orb.
     0 | D:1      | Reached XP level 1. HP: 14/14 MP: 1/1
   233 | D:1      | Reached XP level 2. HP: 19/19 MP: 2/2
   574 | D:1      | Reached XP level 3. HP: 21/23 MP: 3/3
   744 | D:2      | Noticed Natasha
   751 | D:2      | Killed Natasha
   751 | D:2      | Reached skill level 4 in Shields
   751 | D:2      | Reached XP level 4. HP: 29/29 MP: 4/4
   756 | D:2      | Noticed Natasha
   763 | D:2      | Killed Natasha
   965 | D:2      | Reached XP level 5. HP: 32/33 MP: 5/5
  1004 | D:2      | Found a hide-covered altar of Uskayaw.
  1294 | D:2      | Noticed Natasha
  1298 | D:2      | Killed Natasha
  1298 | D:2      | Reached skill level 1 in Dodging
  1823 | D:4      | Found Famoupli's Antique Armour Emporium.
  1880 | D:4      | Reached XP level 6. HP: 38/38 MP: 6/6
  2386 | D:4      | Noticed Edmund
  2399 | D:4      | Killed Edmund
  2399 | D:4      | Reached skill level 5 in Shields
  2414 | D:4      | Reached XP level 7. HP: 24/43 MP: 7/7
  2587 | D:5      | Entered Level 5 of the Dungeon
  2669 | D:5      | Noticed Ijyb
  2676 | D:5      | Splashed by Ijyb's acid

Skill      XL: |  1  2  3  4  5  6 |
---------------+-------------------+-----
Shields        | 4 5 |  5.1
Maces & Flails | 3 4 |  4.8
Dodging        | 1 |  1.5
Armour         | 4 |  4.3
Fighting       | 4 |  4.1

Action                   |  1- 3 |  4- 6 |  7- 9 || total
-------------------------+-------+-------+-------++-------
Melee: Flail             |    73 |   181 |       ||   254
       Whip              |       |    21 |    14 ||    35
  Use: Scroll            |       |     4 |       ||     4
       Potion            |       |     1 |       ||     1
  Eat: Meat ration       |       |     1 |       ||     1
       Bread ration      |       |       |     1 ||     1
Armor: Scale mail        |    49 |   105 |     5 ||   159
Dodge: Dodged            |    27 |    72 |     2 ||   101
Block: Shield            |    41 |   113 |     7 ||   161
